 Dungeon Crawl Stone Soup version 0.32-a0-975-g85d4e5bfdb (webtiles) character file.

Game seed: 2690095071863492878

106 Maxmaps the Cudgeller (level 4, -2/44 HPs)
             Began as an Oni Gladiator on Apr 19, 2024.
             Was a Believer of Fedhas.
             Slain by an orc priest
             ... wielding a +0 flail
              (10 damage)
             ... on level 2 of the Dungeon.
             The game lasted 00:01:08 (1365 turns).

Maxmaps the Cudgeller (Oni Gladiator)               Turns: 1365, Time: 00:01:08

Health: -2/44      AC:  3    Str: 18    XL:     4   Next: 84%
Magic:  4/4        EV:  9    Int: 11    God:    Fedhas [**....]
Gold:   169        SH:  0    Dex: 10    Spells: 3/3 levels left

rFire   . . .        a - +0 flail
rCold   . . .        (no shield)
rNeg    . . .        b - +0 robe
rPois   .            c - +0 hat
rElec   .            (no cloak)
rCorr   .            (gloves unavailable)
SInv    .            (boots unavailable)
Will    .....        (no amulet)
Stlth   +            (no ring)
HPRegen 0.27/turn    (no ring)
MPRegen 0.09/turn

%: no passive effects
@: no status effects
A: large, unfitting armour, horns 1, tough skin 1, double potion healing,
drunken brawling
a: Renounce Religion, Wall of Briars


You were on level 2 of the Dungeon.
You worshipped Fedhas.
Fedhas was pleased with you.
You visited 1 branch of the dungeon, and saw 2 of its levels.

You collected 169 gold pieces.

Inventory:

Hand Weapons
 a - a +0 flail (weapon)
Missiles
 d - 3 throwing nets (quivered)
 e - 6 large rocks
Armour
 b - a +0 robe (worn)
 c - a +0 hat (worn)
Scrolls
 f - a scroll of enchant weapon {unknown}
 g - a scroll of identify {unknown}
 l - 4 scrolls of teleportation {unknown}
 m - a scroll of fear {unknown}
 n - a scroll of poison {unknown}
 q - a scroll of fog {unknown}
Potions
 h - a potion of haste {unknown}
 i - 2 potions of brilliance {unknown}
 j - 2 potions of enlightenment {unknown}
 k - a potion of resistance {unknown}
 o - a potion of degeneration {unknown}
 p - 2 potions of curing {unknown}


   Skills:
 - Level 2.6 Fighting
 + Level 5.4 Maces & Flails
 - Level 2.0 Throwing
 - Level 2.6 Dodging


You had 3 spell levels left.
You didn't know any spells.
Your spell library was empty.

Dungeon Overview and Level Annotations

Branches:
Dungeon (2/15)

Altars:
Fedhas
Zin


Innate Abilities, Weirdness & Mutations

You are too large for most types of armour.
You have a pair of small horns on your head.
You have tough skin. (AC +1)
You gain doubled healing and magic from potions.
Whenever you drink a healing potion, you attack all around you.


Message History

You hit the orc priest.
The orc priest is severely wounded.
The orc priest hits you with a +0 trident!
An orc wizard comes into view. It is wielding a +0 dagger.
You hit the orc priest.
The orc priest is almost dead.
The orc priest hits you with a +0 trident.
The endoplasm quivers.
You sock the orc priest!
You kill the orc priest!
Fedhas appreciates your contribution to the ecosystem.
The orc priest looks satisfied for a moment.
The orc wizard casts a spell.
The orc wizard flickers and vanishes!
Deactivating autopickup; reactivate with Ctrl-A.
The orc priest miscasts a cantrip.
You see here a +0 trident.
You hit the orc priest but do no damage.
The orc priest closely misses you. The orc priest barely misses you.
You hit the orc priest but do no damage.
Your headbutt misses the orc priest.
The giant cockroach waves its antennae.
The orc priest misses you.
You hit the orc priest.
The orc priest is lightly wounded.
The orc priest barely misses you.
You hit the orc priest. Your headbutt misses the orc priest.
The orc priest is heavily wounded.
The orc priest hits you with a +0 flail!
Unknown command.
You barely miss the orc priest. Your headbutt misses the orc priest.
The orc priest is heavily wounded.
The orc priest hits you with a +0 flail!
* * * LOW HITPOINT WARNING * * *
You hit the orc priest but do no damage.
Your headbutt misses the orc priest.
The orc priest is heavily wounded.
The orc priest hits you with a +0 flail!
You die...
Fedhas appreciates your contribution to the ecosystem. # ####.....# # # #.. ##...##### # #.. ###.....## # .J. .......... # ow#

#######.## #
#{# #.# #
#B# #.#
#########
#o# #>##
........#
#@# #...
#######.#
#.# ####
#.########.#
#..........#
############


You could see an orc priest, a dart slug, an orc, an endoplasm and a giant
cockroach.

Vanquished Creatures
  An orc priest (D:2)
  A gnoll (D:1)
  2 adders (D:2)
  5 ball pythons
  4 bats
  6 endoplasms
  3 goblins (D:2)
  2 hobgoblins
  6 jackals
  7 kobolds
  7 frilled lizards (D:1)
  2 rats (D:2)
46 creatures vanquished.

Notes
Turn   | Place    | Note
-------+----------+-------------------------------------------
     0 | D:1      | Maxmaps the Oni Gladiator began the quest for the Orb.
     0 | D:1      | Reached XP level 1. HP: 22/22 MP: 1/1
    47 | D:1      | Found a faded altar of an unknown god.
    80 | D:1      | Prayed at the altar of an unknown god.
    80 | D:1      | Became a worshipper of Fedhas Madash
    80 | D:1      | Reached * piety under Fedhas
   106 | D:1      | Reached XP level 2. HP: 27/29 MP: 2/2
   356 | D:1      | Reached skill level 4 in Maces & Flails
   396 | D:1      | Reached XP level 3. HP: 36/36 MP: 3/3
   842 | D:2      | Reached ** piety under Fedhas
  1001 | D:2      | Reached XP level 4. HP: 38/44 MP: 4/4
  1074 | D:2      | Reached skill level 5 in Maces & Flails
  1161 | D:2      | Found a glowing silver altar of Zin.
  1365 | D:2      | Slain by an orc priest

Illustrated notes

Levels and vault maps discovered:
D:1:      grunt_arrival_crossed_arrows, layout_basic,
          dreamdust_ecumenical_altar_grove, minmay_lizard_pond
D:2:      layout_loops_ring, basic_altar, minmay_tall_x

Skill      XL: |  1  2  3  4 |
---------------+-------------+-----
Maces & Flails | 4 5 |  5.4
Fighting       | |  2.6
Throwing       | |  2.0
Dodging        | |  2.6

Action                     |  1- 3 |  4- 6 || total
---------------------------+-------+-------++-------
  Melee: Flail             |    81 |    40 ||   121
         Headbutt          |    14 |     4 ||    18
   Stab: Sleeping          |     2 |       ||     2
 Armour: Robe              |    55 |    32 ||    87
  Dodge: Dodged            |    50 |    14 ||    64

Table legend: (Time is in decaauts)
 A = Elapsed time spent in this place.
 B = Non-inter-level travel time spent in this place.
 C = Inter-level travel time spent in this place.
 D = Time resting spent in this place.
 E = Time spent auto-exploring this place.
 F = Levels seen in this place.
 G = Mean time per level.
                   A        B        C        D        E       F      G
               +--------+--------+--------+--------+--------+-----+--------+
         Total |   1389 |   1361 |     28 |      0 |   1058 |   2 |  694.5 |
       Dungeon |   1389 |   1361 |     28 |      0 |   1058 |   2 |  694.5 |
               +--------+--------+--------+--------+--------+-----+--------+

Top non-repeatable levels by time:
     D:1: 838 daAuts
     D:2: 550 daAuts
